Cogmind - Beta 15 @@@ ROGUE MODE // 2025.09.22 @ 03:47:20 Player: lepire Result: Destroyed by K2-SCP(l) with Ripper Performance ------------- Evolutions (3) 1500 Regions Visited (6) 1200 Robots Destroyed (68) 340 Value Destroyed (1564) 1564 Prototype IDs (9) 180 Alien Tech Used (0) 0 Bonus (21) 21 TOTAL SCORE: 4805 Bonus ------- Follower Combat Kills 21 Cogmind --------- Core Integrity 0/700 Matter 217/300 Energy 99/100 System Corruption 1% Temperature Cool (9) Movement Core (200) Ox3 Location -7/Lower Caves Parts ------- > --- POWER (1) -------- (None) > --- PROPULSION (4) --- (None) > --- UTILITY (6) ------ Medium Storage Unit Improved Signal Interpreter Advanced Terrain Scan Processor > --- WEAPON (2) ------- (None) > --- INVENTORY (10) --- Deuterium Engine VTOL Module Improved VTOL Module Structural Scanner Advanced ECM Suite Improved Propulsion Shielding System Shield Heavy Battle Rifle Great Axe Peak State ------------ > --- POWER ------------ Cooled Ion Engine > --- PROPULSION ------- Light Treads Light Treads Armored Wheel Improved VTOL Module > --- UTILITY ---------- Medium Storage Unit Visual Processing Unit Experimental Sensor Array Improved Signal Interpreter Targeting Computer Target Analyzer > --- WEAPON ----------- Enhanced Autogun Enhanced Autogun > --- INVENTORY -------- Deuterium Engine Compact Wheel Advanced Heat Sink Structural Scanner Advanced ECM Suite Improved Propulsion Shielding Hardened Medium Armor Plating System Shield Mini Grenade Launcher [Rating: 40] Favorites ----------- Power Cooled Ion Engine Engine Cooled Ion Engine Propulsion Light Treads Treads Light Treads Leg Aluminum Leg Wheel Compact Wheel Flight Unit Improved VTOL Module Utility Targeting Computer Device Experimental Sensor Array Storage Medium Storage Unit Processor Targeting Computer Protection Hardened Light Armor Plating Weapon Enhanced Autogun Energy Gun Medium Laser Ballistic Gun Enhanced Autogun Ballistic Cannon Gauss Cannon Launcher Mini Grenade Launcher Build | -11 -10 -10 -9 -8 -7 -7 ------- Run | Yrd Mat Min Mat Mat Fac Low Slots Evolved 6 | . . . 2 2 2 . Power . | . . . . . . . Propulsion 2 | . . . . 1 1 . Utility 4 | . . . 2 1 1 . Weapon . | . . . . . . . Parts Attached 38 | . 8 1 13 7 6 3 Power 4 | . 2 . 2 . . . Engine 4 | . 2 . 2 . . . Core . | . . . . . . . Reactor . | . . . . . . . Propulsion 13 | . 2 . 3 4 3 1 Treads 6 | . 1 . 1 2 1 1 Leg . | . . . . . . . Wheel 6 | . 1 . 2 2 1 . Hover . | . . . . . . . Flight 1 | . . . . . 1 . Utility 9 | . 1 1 4 . 1 2 Device 2 | . . 1 . . . 1 Storage 1 | . . . 1 . . . Processor 5 | . 1 . 2 . 1 1 Hackware . | . . . . . . . Protection 1 | . . . 1 . . . Artifact . | . . . . . . . Weapon 12 | . 3 . 4 3 2 . Energy Gun 3 | . 2 . . 1 . . Energy Cannon . | . . . . . . . Ballistic Gun 6 | . 1 . 2 2 1 . Ballistic Cannon 2 | . . . 1 . 1 . Launcher 1 | . . . 1 . . . Special Weapon . | . . . . . . . Impact Weapon . | . . . . . . . Slashing Weapon . | . . . . . . . Piercing Weapon . | . . . . . . . Special Melee Weapon . | . . . . . . . Unidentified Prototypes 8 | . . 1 3 3 1 . Parts Lost 18 | . 1 . 1 3 5 8 Power 1 | . . . . . . 1 Propulsion 8 | . . . 1 1 3 3 Utility 3 | . . . . 1 . 2 Weapon 6 | . 1 . . 1 2 2 Highest Loss Streak 4 | . 1 . 1 2 4 4 To Critical Strikes 1 | . 1 . . . . . Average Backups 8 | 6 6 8 4 9 9 9 Power . | 1 1 1 . . 1 1 Propulsion 1 | 4 3 2 . 1 1 2 Utility 3 | . . 2 1 4 5 4 Weapon 2 | 1 1 2 2 2 1 2 Tool/Special . | . . . . . . . Unused Backups 31 | . 8 4 3 6 2 8 Power 2 | . 1 . . . . 1 Propulsion 4 | . 2 1 . . . 1 Utility 11 | . 1 2 . 2 2 4 Weapon 13 | . 4 1 2 4 . 2 Tool/Special 1 | . . . 1 . . . Average Slot Usage (%) 91 | . 98 100 93 97 89 65 Engine 8 | . 14 14 11 9 7 1 Treads 9 | . 5 14 11 9 9 9 Leg 1 | . 17 . . . . . Wheel 11 | . 5 14 9 15 11 4 Device 3 | . . . 4 . 5 6 Storage 8 | . 14 14 5 9 7 7 Processor 24 | . 12 14 27 27 29 22 Protection 2 | . . . . 7 . . Energy Gun 3 | . 22 14 1 . . . Ballistic Gun 12 | . 6 14 13 17 10 5 Ballistic Cannon 2 | . . . 6 . 2 4 Peak Build Rating 40 | 6 7 15 22 27 40 38 Average Rating 23 | 6 6 7 17 26 34 26 On Entrance 16 | 6 6 7 15 18 25 35 Naked Turns . | . . . . . . . Heaviest Build 31 | 12 14 14 25 29 30 31 Greatest Support 48 | 20 20 10 20 40 40 48 Greatest Overweight (x) 3 | . 1 1 1 1 1 3 Average Overweight (x) . | . . . . . . . Largest Inventory Capacity 10 | 8 8 8 10 10 10 10 Average Capacity 9 | 8 8 7 7 10 10 10 Most Carried 10 | 6 8 8 5 10 10 10 Average Carried 8 | 6 6 7 4 9 9 9 Final Capacity 10 | 8 8 5 10 10 10 10 Final Carried 10 | 6 8 4 5 10 10 9 Class Distribution -------------------- 70% | Mutant 29% | Skirmisher Dominant Class ---------------- Mutant | -10/Materials Mutant | -10/Mines Mutant | -9/Materials Mutant | -8/Materials Skirmisher | -7/Factory Skirmisher | -7/Lower Caves Resources | -11 -10 -10 -9 -8 -7 -7 ----------- Run | Yrd Mat Min Mat Mat Fac Low Matter Collected 2028 | 200 165 157 463 588 301 154 Remotely . | . . . . . . . Salvage Created 2391 | 92 448 79 526 870 355 21 Parts 126 | 3 16 8 29 43 23 4 Haulers Intercepted 5 | . 2 . 1 2 . . Recyclers Shooed 9 | . 3 2 3 1 . . Parts Field Recycled . | . . . . . . . Retrieved Matter . | . . . . . . . Parts Self-Destructed 5 | . . . . . . 5 Prevented . | . . . . . . . Kills | -11 -10 -10 -9 -8 -7 -7 ------- Run | Yrd Mat Min Mat Mat Fac Low Combat Hostiles Destroyed 44 | . 6 3 9 19 4 3 Guns 29 | . 6 3 4 13 2 1 Cannons 3 | . . . 1 . 2 . AOE 12 | . . . 4 6 . 2 Classes Destroyed 10 | 2 2 1 2 1 2 . Worker 6 | . . 2 2 . 2 . Builder 2 | . . . . 1 1 . Tunneler 2 | 1 . . 1 . . . Hauler 5 | . 2 . 1 2 . . Recycler 8 | 1 3 . 1 2 1 . Watcher 1 | . . . . . 1 . Swarmer 19 | . 6 3 . 7 . 3 Grunt 15 | . . . 6 9 . . Sentry 7 | . . . 3 3 1 . Programmer 3 | . . . . . 3 . Best Kill Streak 9 | 2 8 3 3 9 2 1 Combat Bots Only 6 | . 6 3 3 5 1 1 Max Kills in Single Turn 3 | 1 2 1 2 3 2 1 Gunslinging . | . . . . . . . Exploded 3 | . . . 2 3 . 1 Melee . | . . . . . . . Uniques/NPCs Destroyed . | . . . . . . . Combat | -11 -10 -10 -9 -8 -7 -7 -------- Run | Yrd Mat Min Mat Mat Fac Low Hostile Shots Fired 319 | . 35 13 41 89 46 95 Missed 82 | . 8 2 9 19 13 31 Hits 237 | . 27 11 32 70 33 64 Melee 18 | . . . . . . 18 Projectile 219 | . 27 11 32 70 33 46 Critical Strikes 9 | . 1 . . 4 1 3 Damage Taken 3480 | . 222 94 459 974 332 1399 Core 948 | . 31 28 71 98 53 667 Absorbed by Shields . | . . . . . . . Core Remaining (%) 85 | 100 . 76 82 82 . . Volleys Fired 181 | 4 34 13 36 61 19 14 Largest 2 | 2 2 2 2 2 2 2 Hottest 100 | 80 100 70 83 50 68 68 Shots Fired 341 | 8 61 26 68 119 35 24 Gun 291 | 8 61 26 40 116 30 10 Cannon 38 | . . . 24 . 4 10 Launcher 12 | . . . 4 3 1 4 Special . | . . . . . . . Kinetic 265 | . 19 13 63 116 34 20 Thermal 56 | . 42 13 1 . . . Explosive 12 | . . . 4 3 1 4 Electromagnetic 8 | 8 . . . . . . Robot Hit Streak 15 | 3 8 7 9 15 7 4 Robot Miss Streak 7 | 1 4 4 5 5 2 7 Penetration Max . | . . . . . . . Secondary Targets 3 | . 1 1 . 1 . . Max Gunslinging Chain 1 | . 1 1 . 1 . . Shots Hit Robots 223 | 5 38 13 43 81 26 17 Core Hits 103 | 3 15 5 22 38 13 7 Critical Kills 4 | . . . 1 3 . . Critical Parts Destroyed 3 | . . . 1 2 . . Critical Strikes 10 | . 1 1 3 5 . . Burn 2 | . 1 1 . . . . Destroy 7 | . . . 2 5 . . Blast 1 | . . . 1 . . . Melee Attacks . | . . . . . . . Impact . | . . . . . . . Slashing . | . . . . . . . Piercing . | . . . . . . . Sneak Attacks . | . . . . . . . Combat Hostiles . | . . . . . . . Follow-up Attacks . | . . . . . . . Damage Inflicted 4295 | 65 504 165 1024 1622 561 354 Guns 2931 | 65 504 165 418 1302 435 42 Cannons 456 | . . . 272 . 126 58 Explosions 908 | . . . 334 320 . 254 Melee . | . . . . . . . Ramming . | . . . . . . . Kinetic 2924 | . 217 66 678 1302 561 100 Thermal 398 | . 287 99 12 . . . Explosive 908 | . . . 334 320 . 254 Electromagnetic 65 | 65 . . . . . . Impact . | . . . . . . . Slashing . | . . . . . . . Piercing . | . . . . . . . Highest Corruption 2 | . . . 2 . 1 1 Average Corruption 1 | . . . 2 . 1 1 Corruption Purged . | . . . . . . . Corruption Blocked . | . . . . . . . Effects 19 | . . . 10 . 4 5 Message Errors 4 | . . . 2 . 2 . Matter Fused 4 | . . . 3 . . 1 Heat Flow Errors 2 | . . . 2 . . . Energy Discharges 1 | . . . . . 1 . Data Loss (minor) 5 | . . . 2 . . 3 Data Loss (major) 1 | . . . 1 . . . Misfires 1 | . . . . . 1 . Alerts 1 | . . . . . . 1 Overload Shots . | . . . . . . . Overflow Damage 45 | . . . . 45 . . Projectiles . | . . . . . . . Explosions 45 | . . . . 45 . . Melee . | . . . . . . . Knockbacks . | . . . . . . . Impact . | . . . . . . . Kinetic . | . . . . . . . Secondary . | . . . . . . . Self-Inflicted Damage . | . . . . . . . Shots . | . . . . . . . Rammed . | . . . . . . . Targets Rammed . | . . . . . . . Kicked . | . . . . . . . Crushed . | . . . . . . . Highest Temperature 487 | 72 487 36 156 145 12 . Average Temperature 74 | 38 166 10 30 27 6 . Received Heat Transfer 852 | . . . 153 468 60 171 Effects 5 | . 5 . . . . . Shutdowns 2 | . 2 . . . . . Energy Bleed 1 | . 1 . . . . . Damage (minor) 2 | . 2 . . . . . Siege Activations . | . . . . . . . Martial Activations . | . . . . . . . Shielding Activations . | . . . . . . . Robots Disrupted . | . . . . . . . Combat Hostiles . | . . . . . . . Robots Corrupted . | . . . . . . . Combat Hostiles . | . . . . . . . Parts Fried . | . . . . . . . Impact Corruptions . | . . . . . . . Robots Melted . | . . . . . . . Combat Hostiles . | . . . . . . . Parts Melted 3 | . 1 2 . . . . Heat Transferred 1332 | . 925 370 37 . . . Parts Sabotaged . | . . . . . . . Parts Stolen . | . . . . . . . Parts Stripped . | . . . . . . . Power Chain Reactions . | . . . . . . . Alert | -11 -10 -10 -9 -8 -7 -7 ------- Run | Yrd Mat Min Mat Mat Fac Low Maximum Alert Level 1 | . . . . 1 . . Low Security (%) 98 | 100 100 100 100 93 100 . Level 1 1 | . . . . 6 . . Level 2 . | . . . . . . . Level 3 . | . . . . . . . Level 4 . | . . . . . . . Level 5 . | . . . . . . . High Security . | . . . . . . . Max Security . | . . . . . . . Peak Influence 224 | 10 125 95 121 224 65 . Initial 65 | . . 25 . 30 65 . Average 52 | 3 48 41 61 99 8 . Influence Increases 1550 | 10 184 169 379 534 159 115 Destroy 0b10 Robot/C 940 | . 120 120 180 380 80 60 Destroy 0b10 Robot/NC 120 | 10 25 10 25 25 25 . Destroy Leader 232 | . 24 20 52 84 42 10 Allied During Kill 4 | . . 4 . . . . Successful Hack 30 | . . . 18 5 7 . Disable Machine 75 | . . . 60 15 . . Destroy Structure 59 | . . . 29 25 5 . Partial Spotted 15 | . . . 15 . . . Lose Combat Pursuer 75 | . 15 15 . . . 45 Influence Decreases 1550 | 10 118 235 306 462 290 129 Entered New Map 170 | . . 41 . 43 80 6 Time Decay 1306 | 10 108 194 306 389 196 103 Lost Part 74 | . 10 . . 30 14 20 Squads Dispatched 8 | . 1 . . 3 4 . Investigation 1 | . . . . 1 . . Extermination 3 | . . . . . 3 . Reinforcement 4 | . 1 . . 2 1 . Assault . | . . . . . . . Garrison . | . . . . . . . Intercept . | . . . . . . . Searches Triggered . | . . . . . . . Construction Impeded . | . . . . . . . Haulers Reinforced 1 | . . . . . 1 . Active Scanning Responses . | . . . . . . . Cargo Convoy Interrupts 1 | . . . . . 1 . Stealth | -11 -10 -10 -9 -8 -7 -7 --------- Run | Yrd Mat Min Mat Mat Fac Low Distress Signals 6 | . 1 . 2 2 1 . Communications Jammed . | . . . . . . . Distress Signals . | . . . . . . . Times Spotted 82 | . 12 5 16 29 6 14 Peak Tracking Total 9 | . 7 3 5 5 2 9 Tactical Retreats 4 | . 1 1 . . . 2 Traps | -11 -10 -10 -9 -8 -7 -7 ------- Run | Yrd Mat Min Mat Mat Fac Low Traps Triggered 4 | . . . 1 1 2 . Indirectly . | . . . . . . . Trap Hack Attempts . | . . . . . . . Triggered . | . . . . . . . Disarmed . | . . . . . . . Reprogrammed . | . . . . . . . Reused . | . . . . . . . Traps Extracted . | . . . . . . . Installed . | . . . . . . . Triggered . | . . . . . . . Machines | -11 -10 -10 -9 -8 -7 -7 ---------- Run | Yrd Mat Min Mat Mat Fac Low Machines Disabled 5 | . . . 4 1 . . Max in Single Turn 2 | . . . 2 1 . . Machines Repaired . | . . . . . . . Machines Dismantled . | . . . . . . . Machines Sabotaged . | . . . . . . . Overloaded Fab Kills . | . . . . . . . Hacking | -11 -10 -10 -9 -8 -7 -7 --------- Run | Yrd Mat Min Mat Mat Fac Low Machines Accessed 9 | . 1 . 6 1 1 . Terminals 6 | . 1 . 3 1 1 . Fabricators . | . . . . . . . Repair Stations 2 | . . . 2 . . . Recycling Units . | . . . . . . . Scanalyzers 1 | . . . 1 . . . Garrison Access . | . . . . . . . Total Hacks 21 | . 1 . 15 3 2 . Successful 10 | . 1 . 7 1 1 . Failed 11 | . . . 8 2 1 . Catastrophic 4 | . . . 3 1 . . Database Lockouts . | . . . . . . . Manual 10 | . 1 . 8 1 . . Terminals 15 | . 1 . 9 3 2 . Fabricators . | . . . . . . . Repair Stations 4 | . . . 4 . . . Recycling Units . | . . . . . . . Scanalyzers 2 | . . . 2 . . . Garrison Access . | . . . . . . . Terminal Hacks 5 | . 1 . 2 1 1 . Prototype ID Bank 1 | . . . . 1 . . Branch Access Points 1 | . . . . . 1 . Alert Level 1 | . . . 1 . . . Zone Layout 2 | . 1 . 1 . . . Fabricator Hacks . | . . . . . . . Repair Station Hacks 2 | . . . 2 . . . Scan Component 2 | . . . 2 . . . Recycling Unit Hacks . | . . . . . . . Scanalyzer 2 | . . . 2 . . . Insert Component 1 | . . . 1 . . . Analyze 1 | . . . 1 . . . Garrison Access Hacks . | . . . . . . . Unauthorized Hacks 1 | . . . 1 . . . Terminals 1 | . . . 1 . . . Assimilate 1 | . . . 1 . . . Fabricators . | . . . . . . . Repair Stations . | . . . . . . . Recycling Units . | . . . . . . . Scanalyzers . | . . . . . . . Garrison Access . | . . . . . . . Data Cores Recovered . | . . . . . . . Used . | . . . . . . . Hacking Detections 7 | . 1 . 5 1 . . Full Trace Events . | . . . . . . . Feedback Events . | . . . . . . . Feedback Blocked . | . . . . . . . Robot Schematics Acquired . | . . . . . . . Robots Built . | . . . . . . . Authchips . | . . . . . . . Time . | . . . . . . . Total Robot Build Rating . | . . . . . . . Part Schematics Acquired 1 | . . . 1 . . . Parts Built . | . . . . . . . Authchips . | . . . . . . . Time . | . . . . . . . Total Part Build Rating . | . . . . . . . Parts Repaired . | . . . . . . . Time . | . . . . . . . Parts Recycled . | . . . . . . . Recycled Matter . | . . . . . . . Retrieved Matter . | . . . . . . . Retrieved Components . | . . . . . . . Parts Scanalyzed 1 | . . . 1 . . . Part Schematics Acquired 1 | . . . 1 . . . Parts Damaged . | . . . . . . . Bothacking | -11 -10 -10 -9 -8 -7 -7 ------------ Run | Yrd Mat Min Mat Mat Fac Low Used RIF Installer . | . . . . . . . Robots Hacked . | . . . . . . . Non-combat . | . . . . . . . Combat . | . . . . . . . Robot Hacks Applied . | . . . . . . . Relay Couplers Released . | . . . . . . . Fabnet Peak Effective % . | . . . . . . . Robots Rewired . | . . . . . . . Allies Hacked . | . . . . . . . Hacks Repelled . | . . . . . . . Allies | -11 -10 -10 -9 -8 -7 -7 -------- Run | Yrd Mat Min Mat Mat Fac Low Total Allies 2 | . . 1 1 . . . Largest Group 1 | . . 1 1 . . . Highest-Rated Group 31 | . . 31 10 . . . Highest-Rated Ally 31 | . . 31 10 . . . Total Orders . | . . . . . . . Ally Attacks 10 | . . 10 . . . . Total Damage 88 | . . 88 . . . . Kills 3 | . . 3 . . . . Allies Corrupted . | . . . . . . . Allies Melted . | . . . . . . . Intel | -11 -10 -10 -9 -8 -7 -7 ------- Run | Yrd Mat Min Mat Mat Fac Low Active Infowar (turns) 3738 | . . 2 794 1212 1267 463 Optics 3575 | . . . 633 1212 1267 463 Sensors 1393 | . . 2 304 . 1022 65 Terrain 404 | . . . . . . 404 Robot Analysis Total . | . . . . . . . Derelict Logs Recovered 4 | . . 3 . . . 1 Drone Launches . | . . . . . . . Drone Recoveries . | . . . . . . . Exploration | -11 -10 -10 -9 -8 -7 -7 ------------- Run | Yrd Mat Min Mat Mat Fac Low Turns Passed 4656 | 29 411 425 809 1212 1267 503 Spaces Moved 2862 | 15 269 402 506 537 887 246 Core 46 | . . . . . . 46 Treads 831 | . . . 85 310 236 200 Legs 178 | 15 163 . . . . . Wheels 1807 | . 106 402 421 227 651 . Hover . | . . . . . . . Flight . | . . . . . . . Fastest Speed 80 | 120 95 80 80 110 95 160 Average Speed 135 | 120 110 94 123 173 132 184 Slowest Speed 240 | 120 120 95 240 240 240 240 Overloaded Moves . | . . . . . . . Propulsion Burnouts . | . . . . . . . Robots Hopped . | . . . . . . . Potential Cave-ins . | . . . . . . . Cave-ins Triggered . | . . . . . . . Exploration Rate (%) 39 | 2 44 74 38 42 17 59 Regions Visited 6 Branch Regions 2 Pre-discovered Areas . | . . . . . . . Known Exits Taken 2 | . . . 1 . 1 . Unknown Exits Taken 4 | 1 1 1 . 1 . . Scrap Searched 2 | . . 1 . . . 1 Spaces Dug 15 | . . . 8 . 7 . Terrain Destroyed 95 | . . . 26 25 7 37 Melee . | . . . . . . . Projectile 4 | . . . 1 . . 3 AOE 91 | . . . 25 25 7 34 Terrain Rammed . | . . . . . . . Walls Destroyed . | . . . . . . . Machines Disabled . | . . . . . . . Actions | -11 -10 -10 -9 -8 -7 -7 --------- Run | Yrd Mat Min Mat Mat Fac Low Total 3339 | 18 320 420 615 739 958 269 Wait 169 | . 2 . 44 100 23 . Move 2856 | 14 268 401 505 536 886 246 Hop . | . . . . . . . Pick Up 36 | . 5 2 6 14 8 1 Fast Attach 15 | . 1 . 4 3 6 1 Attach 8 | . 1 . . 1 5 1 Detach 1 | . . . . . 1 . Swap 44 | . 6 1 14 13 4 6 Drop 29 | . 3 3 6 11 6 . Fire 181 | 4 34 13 36 61 19 14 Melee . | . . . . . . . Ram . | . . . . . . . Kick . | . . . . . . . Crush . | . . . . . . . Escape Stasis . | . . . . . . . Rewire . | . . . . . . . Trap . | . . . . . . . Miscellaneous . | . . . . . . . Route ------- -11/Scrapyard -10/Materials (discovered 2 exits: Mat / [*Min]) -10/Mines (discovered 3 exits: *Mat x2 / Exi) -9/Materials (discovered 2 exits: *Mat x2) -8/Materials -7/Factory (discovered 4 exits: *Sto x2 / *Low x2) -7/Lower Caves History --------- Turn | Location | Event 10 | -11/Scrapyard | Discovered new exit (range 2) 30 | -11/Scrapyard | Entered Materials 315 | -10/Materials | Build established: Mutant 427 | -10/Materials | Discovered new exit (range 13) 427 | -10/Materials | Discovered new exit (range 14) 441 | -10/Materials | Entered Mines 491 | -10/Mines | Learned location of 1 exit from Materials 503 | -10/Mines | Identified exit to Exiles 505 | -10/Mines | Discovered new exit (range 3) 507 | -10/Mines | Received a Mining Laser from a helpful Derelict 602 | -10/Mines | Found a damaged Exp. Sensor Array with a note attached 606 | -10/Mines | Found Prototype Device 857 | -10/Mines | Discovered new exit (range 7) 864 | -10/Mines | Identified Exp. Sensor Array 866 | -10/Mines | Entered Materials 866 | -9/Materials | Evolved 2 slots: Utility x2 867 | -9/Materials | Identified exit to Materials 1611 | -9/Materials | Discovered exit to Materials (range 15) 1675 | -9/Materials | Entered another Materials area 1675 | -8/Materials | Evolved 2 slots: Propulsion x1, Utility x1 2454 | -8/Materials | Discovered new exit (range 13) 2887 | -8/Materials | Entered Factory 2887 | -7/Factory | Evolved 2 slots: Propulsion x1, Utility x1 2888 | -7/Factory | Identified exit to Storage 2997 | -7/Factory | Discovered exit to Storage (range 16) 3186 | -7/Factory | Build established: Skirmisher 3311 | -7/Factory | Identified exit to Lower Caves 3640 | -7/Factory | Lost 4 parts (2n2w) 4089 | -7/Factory | Cargo convoy interrupted 4154 | -7/Factory | Entered Lower Caves 4169 | -7/Lower Caves | Found DCF Scrap (13 items) 4437 | -7/Lower Caves | Attacked by a faux Warlord 4496 | -7/Lower Caves | Learned location of 1 exit from Factory 4584 | -7/Lower Caves | Core integrity fell below 50% 4585 | -7/Lower Caves | Attracted the attention of an 0b10 checkpoint 4613 | -7/Lower Caves | Lost 4 parts (2n1u1w) 4634 | -7/Lower Caves | Core integrity fell below 20% 4657 | -7/Lower Caves | Destroyed by K2-SCP(l) with Ripper Last Messages --------------- destroy it!" 04462_ Com. Wheel destroyed. 04490_ System corrupted: Component data lost. 04494_ Gauss Cannon destroyed. 04496_ Acquired derelict log, extracted data. Data stored: Factory exits (x1). 04529_ System corrupted: IFF burst signal emitted. 04550_ Flak Gun severed. 04564_ Med. Treads destroyed. 04566_ Lgt. Treads destroyed. 04579_ Mni. Grenade Launcher destroyed. 04582_ Imp. Terrain Scanner destroyed. 04585_ Y-54 Guardian: "INTERCEPTING UNREGISTERED DERELICT." 04592_ S-27 Virus Autogun severed. 04602_ Y-54 Guardian destroyed. 04604_ G-47 Trooper destroyed. 04617_ Visual Processing Unit severed. 04654_ System corrupted: Component data lost. Map ----- +----------------------------------------------------+ | ??????????????????????????????????????????#####?? | | ??????????????????????????????????????????# ##? | | ??????????????????????????????????????????# #? | | ?????????????????????????????????????????## #? | | ????????????????????????????? #?????????## ## | | ????????????????????????????? ????????# # | | ????????????????????????????? ???????# # | | ????????????????????????????? ??????# ? | | ?????????????????????????????# ?????# ?? | | ??????????????????????????????? ???## #?? | | ????????????????????????????????# #?## ##? | | ????????????????????????# ??????# ## ## | | ??????????????????????### ??????# | | ??????????????????????# ?????# ## | | ?????????????????????# ##???????## ## | | ?????????????????????? #??????# ### | | ????????????????????? ##?#### ####?# | | ??????????????????????? ### #??#### | | ??????????????????????????# ## #??# | | ?????????????????????????????# ##?# | | ??????????????????###?????#### ### ! | | ?????????????????## ????## ## | | ?????????????????# ??## M # = | | ?????????????????# ### ## | | ??????????????????# ### | | ???????????????????# @l ### #### | | ???????????????????# l ll ##?# ####??# | | ???????????????????# ## g ##??## ##????? | | ???????????????????# ?# #####?????###????? | | ??????????????????# ?# ##???????????????? | | ?????????????????# ?# ##????????????????# | | ?????????????????# ??# ##?????????????????# | | ?????????????????####??# #???????????????????? | | ???????????????????????# ##?????????????????????? | | ???????????????????????##???????????????????????? | | ????????????????????????????????????????????????? | | ????????????????????????????????????????????????? | | ????????????????????????????????????????????????? | | ????????????????????????????????????????????????? | | ????????????????????????????????????????????????? | | ????????????????????????????????????????????????? | | ????????????????????????????????????????????????? | | ????????????????????????????????????????????????? | | ????????????????????????????????????????????????? | | ????????????????????????????????????????????????? | | ????????????????????????????????????????????????? | | ????????????????????????????????????????????????? | | ????????????????????????????????????????????????? | | ????????????????????????????????????????????????? | | ????????????????????????????????????????????????? | +----------------------------------------------------+ Best States ------------- Heat Dissipation 34 Energy Generation 14 Energy Capacity 280 Matter Stores 300 Matter Capacity 300 Sight Range 18 Robot Scan Range 20 Terrain Scan Range 16 Terrain Scan Density 210 Armor Coverage 150 Evasion (%) 55 Targeting Accuracy 5 Target Analysis 5 Recoil Reduction 2 Item Schematics ----------------- Exp. Sensor Array | -9/Materials | Scanalyzed Robot Schematics ------------------ None Fabricated ------------ Nothing Repaired ---------- Nothing Alien Tech Used ----------------- None Achievements -------------- None Challenges ------------ None Game ------ Seed BoltTeleporterCalibrator Manual? 0 Play Time 00:49:19 Cumulative 60.9 hours Start 2025.09.16 @ 07:15:01 End 2025.09.22 @ 03:47:20 Sessions 3 Manual Loads 0 Difficulty Rogue Special Mode None Game No. 74 Rogue 44 Adventurer 30 Explorer 0 Win Type - Total 0 Types 0/0/0/0/0/0/0/0/0/0 Lore% 30 Gallery% 32 Achievement% 30 Wizard Run 0 Options --------- Layout 1 ASCII 0 Keyboard 1 Movement Arrows Keybinds 0 Fullscreen 1 Font 24/Terminus Map View 50x35 Zoom Use 0% Tactical HUD 1 Map Filters NONE Filters NONE Steam 1 RUN: 49f16f0e-627c-4930-a1bd-1eeac6c7ccff